 Dungeon Crawl Stone Soup version 0.29.1-15-g9cfb28693d (webtiles) character file.

Game seed: 17625417083184597244

147188 LustLizard the Brawler (level 16, -10/169 HPs)
             Began as a Troll Fighter on Apr 5, 2023.
             Was the Champion of Wu Jian.
             Killed by the raging water
             ... invoked by a water nymph
              (25 damage)
             ... on level 4 of the Shoals.
             The game lasted 01:14:22 (29735 turns).

LustLizard the Brawler (Troll Fighter)             Turns: 29735, Time: 01:14:23

Health: -10/169    AC: 16    Str: 31    XL:     16   Next: 91%
Magic:  24/24      EV: 10    Int: 10    God:    Wu Jian [******]
Gold:   1402       SH: 11    Dex: 11    Spells: 15/15 levels left

rFire   + . .      SeeInvis .     - Unarmed
rCold   + . .      Faith    .   f - +0 kite shield {rC+}
rNeg    . . .      Spirit   .   r - +0 fire dragon scales
rPois   +          Reflect  .   y - +2 hat
rElec   +          Harm     .   L - +3 cloak of Kozeutam {Rampage rElec Str+3 Dex+2}
rCorr   .          Rampage  +   (gloves unavailable)
Will    +....                   (boots unavailable)
Stlth   +.........              Q - amulet "Turehul" {Acrobat Stlth+}
HPRegen 1.18/turn               b - ring of Idylewuramm {Ice rPois MP+9}
MPRegen 0.19/turn               I - ring of flight

@: flying
A: large, unfitting armour, claws 3, regeneration 1, shaggy fur 1, tough skin 1
a: Renounce Religion, Wall Jump, Serpent's Lash, Heavenly Storm


You were on level 4 of the Shoals.
You worshipped Wu Jian.
Wu Jian was exalted by your worship.
You visited 5 branches of the dungeon, and saw 25 of its levels.
You also visited: Ice Cave and Volcano.

You collected 3367 gold pieces.
You spent 1965 gold pieces at shops.

Inventory:

Hand Weapons
 V - the +11 spear of the Hurling Gods {flame, Will+ SInv}
   (You took it off a spriggan on level 11 of the Dungeon)

   It burns those it strikes, dealing additional fire damage.
   SInv:      It lets you see invisible.
   Will:      It increases your willpower.
Missiles
 k - 5 throwing nets
 t - 9 poisoned darts
 F - 7 curare-tipped darts
Armour
 f - a +0 kite shield of cold resistance (worn)
 r - +0 fire dragon scales (worn)
 y - a +2 hat (worn)
 L - the +3 cloak of Kozeutam (worn) {Rampage rElec Str+3 Dex+2}
   (You acquired it on level 10 of the Dungeon)

   Str:       It affects your strength (+3).
   Dex:       It affects your dexterity (+2).
   rElec:     It insulates you from electricity.
   Rampage:   It bestows one free step when moving towards enemies.
 N - +0 ice dragon scales
Jewellery
 b - the ring of Idylewuramm (left claw) {Ice rPois MP+9}
   (You found it in an ice cave)

   [ring of ice]

   It enhances your ice magic.
   rF:        It makes you vulnerable to fire.
   rC:        It protects you from cold.
   rPois:     It protects you from poison.
   MP:        It affects your magic capacity (+9).
 h - a +6 ring of intelligence
 i - a ring of ice
 j - an amulet of reflection
 m - a ring of wizardry
 n - a ring of protection from cold
 x - a +6 ring of intelligence
 A - an amulet of guardian spirit
 I - a ring of flight (right claw)
 J - a ring of magical power
 K - the ring "Zeesofosu" {rF++ Str+6}
   (You acquired it on level 3 of the Shoals)

   [ring of strength]

   Str:       It affects your strength (+6).
   rF:        It greatly protects you from fire.
 O - a ring of resist corrosion
 Q - the amulet "Turehul" (around neck) {Acrobat Stlth+}
   (You found it in an ice cave)

   [amulet of the acrobat]

   It increases your evasion while moving and waiting.
   Stlth:     It makes you more stealthy.
 Y - an amulet of magic regeneration
Wands
 s - a wand of polymorph (22)
 B - a wand of charming (7)
 G - a wand of light (6)
 M - a wand of roots (5)
 S - a wand of mindburst (2)
 T - a wand of flame (29) (quivered)
Scrolls
 a - 2 scrolls of torment
 d - 5 scrolls of magic mapping
 e - 5 scrolls of enchant weapon
 l - 10 scrolls of teleportation
 o - 2 scrolls of silence
 q - 6 scrolls of butterflies
 v - 2 scrolls of poison
 z - 5 scrolls of vulnerability
 P - a scroll of immolation
 X - a scroll of brand weapon
Potions
 c - 7 potions of might
 g - 2 potions of brilliance
 p - 3 potions of resistance
 u - 6 potions of magic
 w - 3 potions of curing
 C - 3 potions of flight
 D - 3 potions of heal wounds
 E - 3 potions of lignification
 H - 4 potions of berserk rage
 R - 3 potions of haste
 U - a potion of invisibility
 W - a potion of cancellation
 Z - 3 potions of mutation


   Skills:
 + Level 13.0 Fighting
 - Level 9.9 Dodging
 - Level 13.3 Shields
 * Level 20.7 Unarmed Combat


You had 15 spell levels left.
You didn't know any spells.
Your spell library contained the following spells:

 Spells                   Type           Power      Damage    Failure   Level
 Apportation              Tloc           0%         N/A       83%         1
 Beastly Appendage        Tmut           0%         N/A       83%         1
 Necrotise                Necr           0%         1d4       83%         1
 Summon Small Mammal      Summ           0%         N/A       83%         1
 Passwall                 Tmut/Erth      0%         N/A       93%         2
 Scorch                   Fire           0%         2d5       93%         2
 Wereblood                Tmut           0%         N/A       93%         2
 Call Canine Familiar     Summ           0%         N/A       99%         3
 Confusing Touch          Hex            0%         N/A       99%         3
 Dazzling Flash           Conj/Hex       0%         N/A       99%         3
 Spider Form              Tmut/Pois      0%         N/A       99%         3
 Stone Arrow              Conj/Erth      0%         3d7       99%         3
 Summon Guardian Golem    Hex/Summ       0%         N/A       99%         3
 Vampiric Draining        Necr           0%         2d6       99%         3
 Animate Armour           Summ/Erth      0%         N/A       100%        4
 Flame Wave               Conj/Fire      0%         2d4       100%        4
 Summon Lightning Spire   Summ/Air       0%         N/A       100%        4
 Agony                    Necr           0%         N/A       100%        5
 Alistair's Intoxication  Tmut/Pois      0%         N/A       100%        5
 Silence                  Hex/Air        0%         N/A       100%        5
 Yara's Violent Unravell  Hex/Tmut       0%         3d3       100%        5
 Dispersal                Tloc           0%         N/A       100%        6
 Summon Cactus Giant      Summ           0%         N/A       100%        6
 Enfeeble                 Hex            0%         N/A       100%        7
 Storm Form               Tmut/Air       0%         N/A       100%        7
 Lehudib's Crystal Spear  Conj/Erth      0%         10d2      100%        8
 Maxwell's Capacitive Co  Air            0%         ∞         100%        8


Dungeon Overview and Level Annotations

Branches:
Dungeon (13/15)            Temple (1/1) D:6            Lair (5/5) D:11
 Shoals (4/4) Lair:2        Snake (0/4) Lair:2        Slime (0/5) Lair:5
    Orc (2/2) D:9             Elf (0/3) Orc:2         IceCv (visited)
Volcano (visited)
 Vaults: D:13-14

Altars:
Ashenzari
Cheibriados
Elyvilon
Fedhas
Hepliaklqana
Makhleb
Nemelex Xobeh
Okawaru
Qazlal
Sif Muna
Trog
Uskayaw
Vehumet
Wu Jian
Xom
Yredelemnul
Zin
The Shining One
Jiyva

Shops:
D:7 *   Orc:2 **=(   Shoals:1 !   Shoals:3 ***

Portals:
Pandemonium: Orc:2

Annotations:
D:10 2 transporters, Seidenschwarz's ghost, novice MiFi
D:13 Urug
Orc:1 2 runed translucent doors, paul's ghost, journeyman HuBe


Innate Abilities, Weirdness & Mutations

You are too large for most types of armour.
You have claws for hands.
Your natural rate of healing is unusually fast.
You are covered in fur. (AC +1)
You have tough skin. (AC +1)


Message History

The Council accepts your kill.
The merfolk throws a boomerang.
The boomerang barely misses you.
A water nymph comes into view.
The water nymph shouts!
The water nymph gestures at you while chanting.
The water rises up and strikes you!! The merfolk hits you with a +0 trident.
You see here a harpy corpse.
You barely miss the merfolk. You block the merfolk's attack.
You closely miss the merfolk. You closely miss the merfolk.
The water nymph gestures at you while chanting.
The water rises up and strikes you!!
The merfolk hits you with a +0 trident!!
You are too injured to fight recklessly!
You are too injured to fight recklessly!
You are too injured to fight recklessly!
You are too injured to fight recklessly!
You scratch the merfolk but do no damage.
The water nymph points at you and mumbles some strange words.
The water rises up and strikes you!! You block the merfolk's attack.
You closely miss the merfolk. You eviscerate the merfolk!!!
The merfolk is almost dead.
The merfolk hits you but does no damage.
You mangle the merfolk!!
You kill the merfolk!
The Council accepts your kill.
You hear a splash. x2
The water nymph points at you and mumbles some strange words.
The water rises up and strikes you!!
* * * LOW HITPOINT WARNING * * *
You rampage towards the water nymph!
Found 14 gold pieces.
The water nymph gestures at you while chanting.
The water rises up and strikes you!!
* * * LOW HITPOINT WARNING * * *
You mangle the water nymph!!
The water nymph is heavily wounded.
The water nymph gestures at you while chanting.
The water rises up and strikes you!!
You die...

≈≈ #~~# #..# ####~~~
#.~# ≈≈≈≈~~. #..#
≈≈≈≈~~. ##~.# ≈≈≈≈~~.
##≈≈~# ≈≈≈≈~~.
.######≈.#### ~#~~~
≈≈≈≈~~. ......~†##..##
~#~~~~ ≈≈≈≈≈~~
......~≈≈≈~.~## ###~~~~~
≈≈≈≈≈~~ ......≈@≈≈~~~~~
~~~~~~~~ ≈≈≈≈≈~~
.....~~m≈~~~~~~~~~~~~~~~
≈≈≈≈≈≈~
~....~~~~~~~~~~~~~~~~~~~
≈≈≈≈≈≈≈
~~~~~~~~~~~~~~~~~~~~~~~~
≈≈≈≈≈≈≈
≈~~~~~~~~..~~~~~~~~...~~
≈≈≈≈≈≈≈
≈~~~~~~~~...~~~~~~.....~
≈≈≈≈≈≈~
~~~~~~......$..~~.......
≈≈≈≈≈~~
~~~~~..........~...^....
≈≈≈≈≈~~ ~........


You could see a water nymph.

Vanquished Creatures
  Saint Roka (Orc:2)
  Nikola (Shoals:1)
  Jorgrun (Orc:2)
  2 krakens
  Kirke (D:12)
  2 azure jellies (IceCv)
  An orc warlord (Orc:2)
  Azrael (Orc:2)
  A merfolk javelineer (Shoals:4)
  2 fire dragons
  2 merfolk impalers (Shoals:1)
  9 hydras
  Fannar (Orc:1)
  An ice dragon (Lair:5)
  2 boulder beetles
  Erolcha (D:11)
  3 demonspawn (Orc:2)
  A catoblepas (Lair:2)
  A merfolk avatar (Shoals:1)
  2 centaur warriors (Shoals:1)
  2 merfolk aquamancers (Shoals:3)
  5 two-headed ogres
  2 alligator snapping turtles
  3 satyrs
  A tengu warrior (D:13)
  A hell hog (Volcano)
  A death yak (Lair:2)
  6 orc high priests (Orc:2)
  Sonja (D:11)
  Amaemon (Lair:2)
  9 skeletal warriors
  11 sea snakes
  2 lindwurms (Lair:5)
  A swamp dragon (Lair:5)
  A deep elf zephyrmancer (Orc:2)
  26 harpies
  A deep elf archer (Orc:2)
  4 orc knights (Orc:2)
  An oklob plant (Lair:5)
  9 orc sorcerers
  The ghost of OhDinosaurWizard the Chopper, a novice DsFi of Yredelemnul (D:11)
  3 deep elf pyromancers
  3 ugly things
  3 fauns (Shoals:2)
  11 manticores
  8 water nymphs
  A cyclops (Shoals:3)
  2 rust devils (Orc:2)
  5 black mambas
  Maurice (Orc:1)
  2 ice statues (IceCv)
  8 merfolk sirens
  7 torpor snails
  2 molten gargoyles (Volcano)
  14 cane toads
  An orange demon (Lair:2)
  A gargoyle (D:9)
  A smoke demon (Orc:2)
  Maggie (D:8)
  7 rime drakes
  12 komodo dragons
  Psyche (D:8)
  An unseen horror (D:10)
  An ice devil (Orc:2)
  A tengu conjurer (D:13)
  15 merfolk
  3 polar bears
  6 trolls
  4 wind drakes
  8 hornets
  20 slime creatures
  8 dream sheep
  4 tyrant leeches (Lair:5)
  8 blink frogs
  14 snapping turtles
  3 shadows
  4 wraiths
  47 yaks
  3 spriggans (D:11)
  11 water elementals
  8 steam dragons
  3 vampires
  3 wyverns
  5 fire bats
  5 basilisks
  4 fire elementals (Orc:2)
  5 vampire mosquitoes (D:12)
  4 wargs
  2 nagas (Lair:2)
  6 acid dragons
  8 water moccasins
  2 swamp drakes (Lair:5)
  6 hell hounds
  An ice beast (D:7)
  37 orc warriors
  2 black bears
  A great orb of eyes simulacrum (IceCv)
  4 ogres
  15 wolves
  6 centaurs
  8 slime creature simulacra (IceCv)
  2 phantoms (D:6)
  4 kobold brigands
  19 bullfrogs
  2 necrophages
  2 scorpions
  2 gnoll sergeants
  5 wights (D:9)
  11 killer bees
  4 howler monkeys
  4 lava snakes (Volcano)
  27 orc priests
  2 hounds
  3 gnoll boudas
  Crazy Yiuf (D:3)
  6 iguanas
  17 orc wizards
  A statue (D:8)
  6 shapeshifter simulacra (IceCv)
  16 gnolls
  9 adders
  3 white imps
  An ufetubus (D:4)
  3 worms
  A dart slug (D:3)
  76 orcs
  6 ball pythons
  4 endoplasms
  A giant cockroach (D:2)
  2 goblins
  7 hobgoblins
  2 jackals (D:2)
  15 kobolds
  3 quokkas
  4 bats
  A frilled lizard (D:2)
  4 rats
  5 tentacles
796 creatures vanquished.

Vanquished Creatures (collateral kills)
  A quicksilver ooze (IceCv)
1 creature vanquished.

Vanquished Creatures (others)
  3 humans (D:12)
  24 fungi
  75 plants
  45 tentacles
147 creatures vanquished.

Grand Total: 944 creatures vanquished

Notes
Turn   | Place    | Note
-------+----------+-------------------------------------------
     0 | D:1      | LustLizard the Troll Fighter began the quest for the Orb.
     0 | D:1      | Reached XP level 1. HP: 22/22 MP: 0/0
   356 | D:1      | Found a faded altar of an unknown god.
   366 | D:1      | Reached XP level 2. HP: 29/29 MP: 1/1
  1003 | D:2      | Reached XP level 3. HP: 31/36 MP: 2/2
  1029 | D:2      | Reached skill level 3 in Unarmed Combat
  1434 | D:3      | Found a burning altar of Makhleb.
  1644 | D:3      | Reached XP level 4. HP: 44/44 MP: 3/3
  1658 | D:3      | Found a runed translucent door.
  1659 | D:3      | Noticed Crazy Yiuf
  1759 | D:3      | Noticed a balrug
  1763 | D:3      | Noticed a neqoxec
  1763 | D:3      | Noticed a hellwing
  1944 | D:4      | Noticed a necrophage
  2160 | D:4      | Killed a necrophage
  2161 | D:4      | Reached XP level 5. HP: 53/53 MP: 4/4
  2178 | D:4      | Reached skill level 4 in Unarmed Combat
  2191 | D:4      | You fall into a shaft and drop 1 floor!
  2191 | D:5      | Entered Level 5 of the Dungeon
  2440 | D:4      | Noticed an ogre
  2733 | D:4      | Killed an ogre
  3000 | D:4      | Found a shimmering blue altar of Sif Muna.
  3177 | D:4      | Reached XP level 6. HP: 60/61 MP: 5/5
  3335 | D:5      | Reached skill level 5 in Unarmed Combat
  3583 | D:5      | Reached XP level 7. HP: 64/70 MP: 6/6
  3660 | D:5      | Found a stormy altar of Qazlal.
  3751 | D:5      | Reached skill level 6 in Unarmed Combat
  4188 | D:5      | Found a snail-covered altar of Cheibriados.
  4543 | D:6      | Reached skill level 5 in Shields
  4543 | D:6      | Reached XP level 8. HP: 78/79 MP: 7/7
  4644 | D:6      | Reached skill level 7 in Unarmed Combat
  4777 | D:6      | Found a staircase to the Ecumenical Temple.
  4795 | Temple   | Entered the Ecumenical Temple
  4811 | Temple   | Became a worshipper of the Wu Jian Council
  4878 | D:6      | Reached skill level 5 in Fighting
  4896 | D:6      | Found a basalt altar of Yredelemnul.
  5090 | D:7      | Reached skill level 8 in Unarmed Combat
  5174 | D:7      | Reached XP level 9. HP: 62/88 MP: 8/8
  5178 | D:7      | Found Dutoyfya's General Store.
  5185 | D:7      | Reached * piety under Wu Jian
  5230 | D:7      | Reached skill level 9 in Unarmed Combat
  5263 | D:7      | Bought a potion of degeneration for 12 gold pieces
  5323 | D:7      | Found a blossoming altar of Fedhas.
  5323 | D:7      | Found a sparkling altar of Nemelex Xobeh.
  5492 | D:7      | Found an iron altar of Okawaru.
  5956 | D:8      | Found a radiant altar of Vehumet.
  6051 | D:8      | Identified the +0 leather armour "Joji" {rN+ rCorr}
  6183 | D:8      | Reached ** piety under Wu Jian
  6275 | D:8      | Reached skill level 10 in Unarmed Combat
  6285 | D:8      | Reached XP level 10. HP: 91/98 MP: 9/9
  6336 | D:8      | Noticed Maggie
  6371 | D:8      | Killed Maggie
  6459 | D:8      | Noticed Psyche
  6464 | D:8      | Killed Psyche
  6809 | D:3      | Killed Crazy Yiuf
  7342 | D:9      | Reached skill level 11 in Unarmed Combat
  7452 | D:9      | Found a staircase to the Orcish Mines.
  7505 | D:9      | Identified a scroll of acquirement
  7539 | D:9      | Reached *** piety under Wu Jian
  7697 | D:9      | Reached skill level 5 in Dodging
  7822 | D:9      | Noticed a gargoyle
  7834 | D:9      | Killed a gargoyle
  8576 | D:10     | Entered Level 10 of the Dungeon
  8583 | D:9      | Reached XP level 11. HP: 109/109 MP: 10/10
  8657 | D:10     | Noticed a two-headed ogre
  8778 | D:10     | Found a broken altar of Ashenzari.
  8871 | D:10     | Noticed Seidenschwarz's ghost (novice MiFi)
  8882 | D:10     | Found a bloodstained altar of Trog.
  8889 | D:10     | Found a transporter.
  8892 | D:10     | Found a transporter.
  9118 | D:10     | Acquired the +3 cloak of Kozeutam {Rampage rElec Str+3
                  | Dex+2}
  9189 | D:10     | Found a hazy altar of Hepliaklqana.
  9189 | D:10     | Found a hide-covered altar of Uskayaw.
  9418 | D:10     | Killed a two-headed ogre
  9419 | D:10     | Reached skill level 12 in Unarmed Combat
  9460 | D:10     | Noticed a tengu warrior
  9657 | D:11     | Noticed a skeletal warrior
  9682 | D:11     | Killed a skeletal warrior
  9719 | D:11     | Noticed a skeletal warrior
  9746 | D:11     | Killed a skeletal warrior
  9766 | D:11     | Noticed a skeletal warrior
  9791 | D:11     | Killed a skeletal warrior
  9838 | D:11     | Noticed a skeletal warrior
  9874 | D:11     | Killed a skeletal warrior
 10015 | D:11     | Noticed Erolcha
 10171 | D:11     | Found a runed translucent door.
 10171 | D:11     | Identified the +11 spear of the Hurling Gods {flame, Will+
                  | SInv}
 10181 | D:11     | Noticed OhDinosaurWizard's ghost (novice DsFi)
 10204 | D:11     | Found a staircase to the Lair.
 10324 | D:11     | Killed Erolcha
 10612 | D:11     | Noticed Sonja
 10646 | D:11     | Killed Sonja
 10714 | D:11     | Noticed a two-headed ogre
 10725 | D:11     | Killed a two-headed ogre
 10726 | D:11     | Reached skill level 13 in Unarmed Combat
 11042 | D:12     | Noticed Kirke
 11074 | D:12     | Noticed a lindwurm
 11077 | D:12     | Killed Kirke
 11078 | D:12     | Reached XP level 12. HP: 57/120 MP: 11/11
 11127 | D:12     | Reached **** piety under Wu Jian
 11147 | D:12     | Found a frozen archway.
 11297 | IceCv    | Entered an ice cave
 11554 | IceCv    | Noticed a quicksilver ooze
 11558 | IceCv    | Killed a quicksilver ooze
 12193 | IceCv    | Reached skill level 14 in Unarmed Combat
 12240 | IceCv    | Found a viscous altar of Jiyva.
 12240 | IceCv    | Noticed an azure jelly
 12274 | IceCv    | Killed an azure jelly
 12311 | IceCv    | Noticed an azure jelly
 12330 | IceCv    | Killed an azure jelly
 12510 | IceCv    | Identified the +0 robe "Heagan" {Fly Str+6}
 12512 | IceCv    | Got the ring of Idylewuramm {Ice rPois MP+9}
 12516 | IceCv    | Identified the amulet "Turehul" {Acrobat Stlth+}
 12645 | D:12     | Noticed an eight-headed hydra
 12654 | D:12     | Killed a nine-headed hydra
 13136 | D:12     | Reached ***** piety under Wu Jian
 13143 | D:12     | Reached skill level 10 in Shields
 13294 | D:12     | Reached XP level 13. HP: 103/131 MP: 12/12
 13900 | D:13     | Noticed Urug
 14130 | D:13     | Reached skill level 15 in Unarmed Combat
 14263 | D:13     | HP: 1/125 [skeletal warrior/+0 long sword (9)]
 14764 | Lair:1   | Entered Level 1 of the Lair of Beasts
 15468 | Lair:1   | You fall into a shaft and drop 1 floor!
 15706 | Lair:2   | Found a staircase to the Snake Pit.
 15727 | Lair:2   | Noticed Amaemon
 15735 | Lair:2   | Killed Amaemon
 15871 | Lair:2   | Reached skill level 10 in Fighting
 15969 | Lair:2   | Reached skill level 16 in Unarmed Combat
 16238 | Lair:2   | Found a staircase to the Shoals.
 16247 | Lair:2   | Reached XP level 14. HP: 111/143 MP: 13/13
 17262 | Lair:3   | Reached ****** piety under Wu Jian
 18608 | Lair:5   | Entered Level 5 of the Lair of Beasts
 18933 | Lair:5   | Found a runed translucent door.
 19062 | Lair:5   | Paralysed by a hornet for 2 turns
 19599 | Lair:5   | Reached skill level 17 in Unarmed Combat
 20513 | D:11     | Killed OhDinosaurWizard's ghost
 20826 | Lair:5   | Found a glowing silver altar of Zin.
 20973 | Lair:5   | Found a viscous altar of Jiyva.
 20973 | Lair:5   | Found a staircase to the Slime Pits.
 21429 | Orc:1    | Entered Level 1 of the Orcish Mines
 21485 | Orc:1    | Reached XP level 15. HP: 152/152 MP: 14/14
 21495 | Orc:1    | Found a large runed translucent door.
 21495 | Orc:1    | Found a large runed translucent door.
 21496 | Orc:1    | Noticed paul's ghost (journeyman HuBe)
 21585 | Orc:1    | Noticed Fannar
 21591 | Orc:1    | Killed Fannar
 21740 | Orc:1    | Noticed Maurice
 21748 | Orc:1    | Killed Maurice
 21974 | Orc:2    | Entered Level 2 of the Orcish Mines
 21981 | Orc:2    | Found a burning altar of Makhleb.
 21997 | Orc:2    | Found a staircase to the Elven Halls.
 22032 | Orc:2    | Noticed Azrael
 22044 | Orc:2    | Killed Azrael
 22153 | Orc:2    | Noticed Saint Roka
 22329 | Orc:2    | Found a dark tunnel.
 22345 | Volcano  | Entered a volcano
 22636 | Volcano  | Found a bloodstained altar of Trog.
 22920 | Orc:2    | Identified the +1 chain mail of the Everdark {Will+}
 22938 | Orc:2    | Noticed Jorgrun
 23113 | Orc:2    | Killed Jorgrun
 23212 | Orc:2    | Reached skill level 18 in Unarmed Combat
 23243 | Orc:2    | Paralysed by an orc sorcerer for 2 turns
 23259 | Orc:2    | Noticed an orc warlord
 23341 | Orc:2    | Killed an orc warlord
 23500 | Orc:2    | Found Sarebiz's General Store.
 23598 | Orc:2    | Found Gyesomau's General Store.
 23707 | Orc:2    | Bought a potion of haste for 150 gold pieces
 23709 | Orc:2    | Bought a potion of resistance for 100 gold pieces
 24412 | Orc:2    | Found Facirghem's Antique Weapon Emporium.
 24412 | Orc:2    | Found Hozaf's Jewellery Shoppe.
 24413 | Orc:2    | Found a one-way gate leading to the halls of Pandemonium.
 24575 | Orc:2    | Killed Saint Roka
 24988 | Shoals:1 | Entered Level 1 of the Shoals
 24989 | Shoals:1 | Acquired the ring of Wu Jian's Fury {rF+ rN+}
 24992 | Shoals:1 | Found Unkiet's Distillery.
 25005 | Shoals:1 | Bought a potion of heal wounds for 95 gold pieces
 25005 | Shoals:1 | Bought a potion of might for 76 gold pieces
 25005 | Shoals:1 | Bought 2 potions of mutation for 304 gold pieces
 25005 | Shoals:1 | Bought a potion of mutation for 152 gold pieces
 25111 | Shoals:1 | Noticed a kraken
 25615 | Shoals:1 | Killed a kraken
 25693 | Shoals:1 | Noticed Nikola
 25823 | Shoals:1 | Reached skill level 19 in Unarmed Combat
 25973 | Shoals:1 | Reached XP level 16. HP: 121/165 MP: 15/15
 26380 | Shoals:1 | Killed Nikola
 27758 | Shoals:3 | Found Seull's Assorted Antiques.
 27765 | Shoals:3 | Bought a potion of heal wounds for 180 gold pieces
 27765 | Shoals:3 | Found Kurghuleu's General Store.
 27794 | Shoals:3 | Bought a scroll of acquirement for 832 gold pieces
 27794 | Shoals:3 | Bought a potion of might for 64 gold pieces
 27794 | Shoals:3 | Acquired the ring "Zeesofosu" {rF++ Str+6}
 27825 | Shoals:3 | Found Oluwuol's General Store.
 28025 | Shoals:3 | Reached skill level 20 in Unarmed Combat
 28369 | Shoals:3 | Noticed a kraken
 28473 | Shoals:3 | Killed a kraken
 28798 | Shoals:4 | Entered Level 4 of the Shoals
 29135 | Shoals:4 | Got the Handbook of Reformed Translocation
 29206 | Shoals:4 | Found the +8 whip "Snakebite" {venom, curare, rPois}
 29294 | Shoals:4 | Identified the +6 lajatang of the Gloaming {freeze, rN+
                  | Str+3}
 29735 | Shoals:4 | Killed from afar by a water nymph

Illustrated notes

Levels and vault maps discovered:
D:1:      co_arrival_random_square_maze, layout_basic, basic_ecumenical_altar,
          minmay_misc_feat_more_columns
D:2:      layout_basic, grunt_ministairs_11
D:3:      layout_rooms, makhleb_altar_promises_db, uniq_crazy_yiuf_cottage
D:4:      layout_loops_corners, lemuel_blue_sif_altar,
          minmay_misc_feat_secret_circle
D:5:      layout_basic, grunt_qazlal_clouds, cheibrodos_worm_habitat,
          minmay_puff
D:6:      cheibrodos_quashed, layout_cave_pools, lemuel_crystal_altar,
          minmay_temple_entry_butterflies
D:7:      layout_cave_pools, mainiacjoe_overflow_alcove_2, jmf_multi_god_temple,
          serial_shops, shop
D:8:      layout_loops_ring, vehumet_statue, uniq_maggie, uniq_psyche
D:9:      minmay_general_purpose_star, layout_layer_cave, david_orc_1_choice,
          minmay_starry_boxes
D:10:     layout_basic, kennysheep_mini_moat, amethyst_overflow_temple_binary,
          gammafunk_ghost_wrathful_warriors
D:11:     layout_cave_pods, lair_entry_dummy, ebering_ghost_funeral_grove,
          uniq_sonja, uniq_erolcha
D:12:     minmay_polygon_palace, layout_loops_ring, portal_ice_cave_rime,
          uniq_kirke
D:13:     layout_loops_cross, grunt_ministairs_11, uniq_urug, uniq_rupert
Temple:   nicolae_temple_two_arcs
Lair:1:   layout_chaotic_city, beast_lair_carwin_9
Lair:2:   layout_roguey, minmay_shoals_entry_hut, guppyfry_snake_entry_island,
          uniq_amaemon
Lair:3:   layout_loops_ring, amcnicky_mini_pool_medium
Lair:4:   layout_gridlike, infiniplex_staircase_pool_2
Lair:5:   guppyfry_lair_end_dragon, layout_cave_pods, wormcave, slime_entry_1,
          basic_altar
Shoals:1: layout_shoals, serial_shops,
          nicolae_shop_temple_entry_statues_fountains, uniq_nikola
Shoals:2: layout_shoals
Shoals:3: layout_shoals, serial_shops, shop, nicolae_diamond_shop,
          nicolae_shop_statue_plus
Shoals:4: shoals_end_hangedman, layout_shoals
Orc:1:    layout_diamond_mine, basic_altar, ebering_ghost_disaster_area,
          uniq_maurice, uniq_fannar
Orc:2:    pf_orc_diabolical, layout_caves, nicolae_volcano_entry_batcave,
          basic_altar, elf_legates, uniq_azrael, uniq_jorgrun, uniq_saint_roka

Skill      XL: |  1  2  3  4  5  6  7  8  9 10 11 12 13 14 15 16 |
---------------+-------------------------------------------------+-----
Shields        | 3 4 5 6 7 9 10 11 12 13 | 13.3
Unarmed Combat | 3 4 5 6 8 10 11 13 14 16 17 19 20 | 20.7
Fighting       | 3 4 5 6 7 8 9 10 11 13 | 13.0
Dodging        | 3 5 6 7 8 9 |  9.9

Action                   |  1- 3 |  4- 6 |  7- 9 | 10-12 | 13-15 | 16-18 || total
-------------------------+-------+-------+-------+-------+-------+-------++-------
Melee: Unarmed           |   113 |    84 |   259 |   652 |  1420 |   480 ||  3008
       Spear             |       |       |       |       |    13 |       ||    13
       War axe           |       |       |       |       |     5 |       ||     5
Throw: Dart              |       |     4 |     7 |     9 |     3 |     4 ||    27
Invok: Lunge             |       |       |    20 |    14 |       |       ||    34
       Whirlwind         |       |       |     3 |    71 |   169 |    46 ||   289
Evoke: Wand              |       |       |       |     5 |    36 |    11 ||    52
  Use: Scroll            |       |     2 |     7 |    17 |    21 |     4 ||    51
       Potion            |       |       |       |     4 |    13 |     3 ||    20
 Stab: Sleeping          |       |       |     1 |       |     7 |       ||     8
       Invisible         |       |       |       |     4 |       |       ||     4
       Petrified         |       |       |       |       |     2 |       ||     2
       Distracted        |       |       |       |       |     2 |       ||     2
       Confused          |       |       |       |       |     1 |       ||     1
Armor: Robe              |    43 |    18 |    11 |       |       |       ||    72
       Steam dragon scal |       |       |    43 |    31 |       |       ||    74
       Acid dragon scale |       |       |       |   103 |   259 |       ||   362
       Skin              |       |       |       |    27 |    25 |       ||    52
       Fire dragon scale |       |       |       |       |    31 |   149 ||   180
Dodge: Dodged            |    42 |    21 |    61 |   160 |   450 |   181 ||   915
Block: Kite shield       |    81 |    46 |   167 |   336 |   592 |   240 ||  1462
       Reflection        |     2 |       |     6 |     9 |       |       ||    17
       Other             |       |       |       |     3 |       |       ||     3
